 Dungeon Crawl Stone Soup version 0.29-a0-330-g52719c12eb (webtiles) character file.

Game seed: 2713911610684829086

144 zishaf the Magician (level 5, -2/39 HPs)
             Began as a Djinni Earth Elementalist on Apr 13, 2022.
             Slain by Ijyb
             ... wielding a +0 club
              (3 damage)
             ... on level 3 of the Dungeon.
             The game lasted 00:04:24 (3195 turns).

zishaf the Magician (Djinni Earth Elementalist)     Turns: 3195, Time: 00:04:25

Health: -2/39      AC:  3    Str:  7    XL:     5   Next: 51%
Gold:   195        EV: 12    Int: 19    God:
                   SH:  0    Dex: 13

rFire   + + .      SeeInvis .   d - +1 mace (protect)
rCold   x . .      Faith    .   (no shield)
rNeg    . . .      Spirit   .   b - +0 robe
rPois   ∞          Reflect  .   (no helmet)
rElec   .          Harm     .   r - +0 cloak
rCorr   .          Rampage  .   (no gloves)
Will    .....                   (boots unavailable)
Stlth   ++........              (no amulet)
HPRegen 0.13/turn               (no ring)
MPRegen 0.00/turn               (no ring)

@: flying
A: sickness immunity, fire resistance 2, cold vulnerability 1, float, innate
caster, HP casting, extra vitality 1
a: no special abilities


You were on level 3 of the Dungeon.
You visited 1 branch of the dungeon, and saw 3 of its levels.

You collected 195 gold pieces.

Inventory:

Hand Weapons
 d - a +1 mace of protection (weapon)
Missiles
 a - 43 stones
 m - a throwing net
Armour
 b - a +0 robe (worn)
 r - a +0 cloak (worn)
Scrolls
 e - a scroll of amnesia {unknown}
 g - a scroll of fog {unknown}
 i - 4 scrolls of identify {unknown}
 j - a scroll of enchant weapon {unknown}
 k - 3 scrolls of teleportation {unknown}
 l - a scroll of noise {unknown}
 n - a scroll of vulnerability {unknown}
 o - a scroll of holy word {unknown}
 q - a scroll of fear {unknown}
 u - a scroll of magic mapping {unknown}
Potions
 c - 2 potions of curing {unknown}
 f - a potion of brilliance {unknown}
 h - a potion of mutation {unknown}
 p - a potion of flight {unknown}
 s - a potion of attraction {unknown}
 t - a potion of might {unknown}


   Skills:
 + Level 2.4 Fighting
 - Level 2.2 Dodging
 - Level 1.6 Stealth
 * Level 3.9 Spellcasting


You couldn't memorise any spells.
You knew the following spells:

 Your Spells              Type           Power      Damage    Failure   Level
a - Sandblast             Erth           36%        2d10      2%          1
b - Passwall              Tmut/Erth      15%        N/A       4%          2
c - Stone Arrow           Conj/Erth      36%        3d9       9%          3
d - Petrify               Tmut/Erth      18%        N/A       26%         4
e - Foxfire               Conj/Fire      72%        2x1d7     2%          1
f - Wereblood             Tmut           18%        N/A       4%          2
Your spell library was empty.

Dungeon Overview and Level Annotations

Branches:
Dungeon (3/15)

Altars:

Shops:
D:2 =

Annotations:
D:3 Ijyb


Innate Abilities, Weirdness & Mutations

You are immune to sickness and miasma.
You are immune to poison.
Your flesh is very heat resistant. (rF++)
You are vulnerable to cold. (rC-)
You float through the air rather than walking.
You learn spells naturally, not from books.
Your magical power is your life essence.
You have superior vitality. (+4 MHP)


Message History

Ijyb is heavily wounded.
Casting: Foxfire (safe; 2% risk of failure)
Confirm with . or Enter, or press ? or * to list all spells.
You conjure some foxfire!
The foxfire hits Ijyb but does no damage.
Ijyb is heavily wounded.
Your foxfire dissipates!
The foxfire hits Ijyb but does no damage.
Ijyb is heavily wounded.
The foxfire hits Ijyb.
Ijyb is severely wounded.
The foxfire hits Ijyb but does no damage.
Ijyb is severely wounded.
Casting: Foxfire (safe; 2% risk of failure)
Confirm with . or Enter, or press ? or * to list all spells.
You conjure some foxfire!
The foxfire hits Ijyb.
Ijyb is severely wounded.
The foxfire hits Ijyb.
Ijyb is almost dead.
Ijyb zaps a wand.
The mass of ice explodes!
The iceblast engulfs you!!
You feel a painful chill!
* * * LOW HITPOINT WARNING * * *
Casting: Foxfire (safe; 2% risk of failure)
Confirm with . or Enter, or press ? or * to list all spells.
Aiming: Sandblast (safe; 2% risk of failure)
Press: ? - help, Shift-Dir - straight line, f - Ijyb
Aim: Ijyb, wielding a +0 club, wearing a +0 ring mail and carrying a wand of iceblast (5) (almost dead, 77% to hit)
The blast of sand hits Ijyb but does no damage.
Ijyb is almost dead.
* * * LOW HITPOINT WARNING * * *
Casting: Sandblast (safe; 2% risk of failure)
Confirm with . or Enter, or press ? or * to list all spells.
Aiming: Sandblast (safe; 2% risk of failure)
Press: ? - help, Shift-Dir - straight line, f/p - Ijyb
Aim: Ijyb, wielding a +0 club, wearing a +0 ring mail and carrying a wand of iceblast (5) (almost dead, 77% to hit)
The blast of sand misses Ijyb.
* * * LOW HITPOINT WARNING * * *
Ijyb hits you with a +0 club.
You die...

########### ###
#...'.).... #≈≈
#.@g))..... #≈≈
#...#..... ####≈≈
#.†.####### #...≈≈
#.......... #...≈≈
#.$))...... #...≈≈
##'##.....# ##.)≈≈
#...#.....#..h#..≈≈
#...#$....#...#..≈≈
#§..# ....#...#..≈≈


You could see Ijyb.

Vanquished Creatures
  Crazy Yiuf (D:2)
  3 adders (D:2)
  A worm (D:2)
  3 dart slugs
  2 orcs (D:3)
  A bat (D:1)
  6 endoplasms
  4 giant cockroaches
  12 goblins
  11 hobgoblins
  2 jackals (D:3)
  3 kobolds
  5 quokkas
  7 ball pythons
  A frilled lizard (D:1)
  5 rats
67 creatures vanquished.

Vanquished Creatures (others)
  35 foxfires (D:3)
35 creatures vanquished.

Grand Total: 102 creatures vanquished

Notes
Turn   | Place    | Note
-------+----------+-------------------------------------------
     0 | D:1      | zishaf the Djinni Earth Elementalist began the quest for
                  | the Orb.
     0 | D:1      | Reached XP level 1. HP: 15/15 MP: 0/0
    54 | D:1      | Found a faded altar of an unknown god.
   125 | D:1      | Reached XP level 2. HP: 22/22 MP: 0/0
   491 | D:1      | Reached skill level 1 in Fighting
   599 | D:1      | Reached XP level 3. HP: 18/27 MP: 0/0
   599 | D:1      | Learned a level 1 spell: Foxfire
  1022 | D:1      | Reached skill level 3 in Spellcasting
  1449 | D:2      | Found Xaofuott's Jewellery Boutique.
  1526 | D:2      | Reached XP level 4. HP: 32/32 MP: 0/0
  1925 | D:2      | Found a runed translucent door.
  1926 | D:2      | Noticed Crazy Yiuf
  2446 | D:2      | Killed Crazy Yiuf
  2447 | D:2      | Reached XP level 5. HP: 27/38 MP: 0/0
  2447 | D:2      | Learned a level 2 spell: Wereblood
  3182 | D:3      | Noticed Ijyb
  3195 | D:3      | Slain by Ijyb

Illustrated notes

Levels and vault maps discovered:
D:1:      dpeg_arrival_boxorama, layout_basic,
          hellmonk_ecumenical_altar_arch_garden, minmay_tree_intersection,
          minmay_misc_feat_tower
D:2:      layout_loops_corners, serial_shops, nicolae_shop_statue_plus,
          st_stairs_12, chequers_serial_rivers_marsh, minmay_tall_x,
          uniq_crazy_yiuf_cottage
D:3:      kennysheep_goblin_castle, layout_loops_ring, dk_noncrumbling_4,
          minmay_liquid_box

Skill      XL: |  1  2  3  4 |
---------------+-------------+-----
Fighting       | 1 2 |  2.4
Spellcasting   | 3 |  3.9
Dodging        | |  2.2
Stealth        | |  1.6

Action                   |  1- 3 |  4- 6 || total
-------------------------+-------+-------++-------
Melee: Mace              |    58 |    15 ||    73
 Cast: Sandblast         |    18 |    33 ||    51
       Stone Arrow       |       |     2 ||     2
       Foxfire           |       |    21 ||    21
 Stab: Sleeping          |     3 |       ||     3
Armor: Robe              |    18 |    10 ||    28
Dodge: Dodged            |    47 |    25 ||    72

Table legend: (Time is in decaauts)
 A = Elapsed time spent in this place.
 B = Non-inter-level travel time spent in this place.
 C = Inter-level travel time spent in this place.
 D = Time resting spent in this place.
 E = Time spent auto-exploring this place.
 F = Levels seen in this place.
 G = Mean time per level.
                   A        B        C        D        E       F      G
               +--------+--------+--------+--------+--------+-----+--------+
         Total |   3223 |   3141 |     82 |      0 |   2697 |   3 | 1074.3 |
       Dungeon |   3223 |   3141 |     82 |      0 |   2697 |   3 | 1074.3 |
               +--------+--------+--------+--------+--------+-----+--------+

Top non-repeatable levels by time:
     D:2: 1311 daAuts
     D:1: 1271 daAuts
     D:3: 639 daAuts
